 Dungeon Crawl Stone Soup version 0.28.0-43-g3370ac3207 (webtiles) character file.

Game seed: 15390372037320474099

515 MisterFreud the Cutter (level 7, -6/60 HPs)
             Began as a Gnoll Cinder Acolyte on Mar 5, 2022.
             Was a High Priest of Ignis.
             Mangled by Edmund
             ... wielding a +0 flail of protection
              (12 damage)
             ... on level 5 of the Dungeon.
             The game lasted 00:05:47 (5789 turns).

MisterFreud the Cutter (Gnoll Cinder Acolyte)       Turns: 5789, Time: 00:05:47

Health: -6/60      AC: 10    Str: 14    XL:     7   Next: 20%
Magic:  1/21       EV: 12    Int: 15    God:    Ignis [*****.]
Gold:   26         SH:  0    Dex:  7    Spells: 11/13 levels left

rFire   + . .      SeeInvis .   q - +2 short sword (protect)
rCold   . . .      Faith    .   (no shield)
rNeg    . . .      Spirit   .   b - +0 robe
rPois   .          Reflect  .   (no helmet)
rElec   .          Harm     .   (no cloak)
rCorr   .          Rampage  .   p - +0 pair of gloves
Will    +....                   (no boots)
Stlth   ++........              (no amulet)
HPRegen 0.20/turn               f - ring of willpower
MPRegen 0.17/turn               i - ring of magical power

@: under a protective aura
A: fangs 1, strong nose, distributed training
a: Renounce Religion, Fiery Armour, Foxfire Swarm, Rising Flame


You were on level 5 of the Dungeon.
You worshipped Ignis.
Ignis was extremely pleased with you.
You visited 1 branch of the dungeon, and saw 5 of its levels.

You collected 156 gold pieces.
You spent 130 gold pieces at shops.

Inventory:

Hand Weapons
 a - a -1 short sword of flaming
 k - a +3 scimitar
 q - a +2 short sword of protection (weapon)
Missiles
 r - 3 atropa-tipped darts (quivered)
Armour
 b - a +0 robe (worn)
 p - a +0 pair of gloves (worn)
Jewellery
 f - a ring of willpower (left hand)
 i - a ring of magical power (right hand)
 l - a +4 ring of slaying
 m - a ring of magical power
Scrolls
 c - a scroll of magic mapping {unknown}
 d - 3 scrolls of identify {unknown}
 e - a scroll of silence {unknown}
 h - a scroll of teleportation {unknown}
 j - a scroll of torment {unknown}
Potions
 g - 2 potions of curing
 n - 3 potions of haste
 o - a potion of might


   Skills:
 + Level 7.0 Fighting
 + Level 7.0 Short Blades
 + Level 2.3 Long Blades
 + Level 2.3 Axes
 + Level 2.3 Maces & Flails
 + Level 2.3 Polearms
 + Level 2.3 Staves
 + Level 2.3 Slings
 + Level 2.3 Bows
 + Level 2.3 Crossbows
 + Level 2.3 Throwing
 + Level 2.3 Armour
 + Level 2.3 Dodging
 + Level 2.3 Stealth
 + Level 2.3 Shields
 + Level 2.3 Unarmed Combat
 + Level 3.7 Spellcasting
 + Level 1.9 Conjurations
 + Level 1.9 Hexes
 + Level 1.9 Summonings
 + Level 1.9 Necromancy
 + Level 1.9 Translocations
 + Level 1.9 Transmutations
 + Level 5.8 Fire Magic
 + Level 1.9 Ice Magic
 + Level 1.9 Air Magic
 + Level 1.9 Earth Magic
 + Level 1.9 Poison Magic
 + Level 2.5 Invocations
 + Level 2.3 Evocations


You had 11 spell levels left.
You knew the following spells:

 Your Spells              Type           Power      Damage    Failure   Level
a - Scorch                Fire           40%        2d7       2%          2

Your spell library contained the following spells:

 Spells                   Type           Power      Damage    Failure   Level


Dungeon Overview and Level Annotations

Branches:
Dungeon (5/15)
 Temple: D:4-7

Altars:
Dithmenos
Elyvilon
Fedhas
Okawaru
The Shining One

Shops:
D:4 !

Annotations:
D:5 Edmund


Innate Abilities, Weirdness & Mutations

You have very sharp teeth.
Your uncanny sense of smell can sniff out nearby items.
Your experience applies equally to all skills.


Message History

Casting: Scorch (safe; 2% risk of failure)
Confirm with . or Enter, or press ? or * to list all spells.
Flames lash Edmund.
Edmund is heavily wounded.
Edmund hits you with a +0 flail of protection!
Casting: Scorch (safe; 2% risk of failure)
Confirm with . or Enter, or press ? or * to list all spells.
Flames lash Edmund.
Edmund is burned terribly!
Edmund is severely wounded.
Edmund closely misses you.
Casting: Scorch (safe; 2% risk of failure)
Confirm with . or Enter, or press ? or * to list all spells.
Flames lash Edmund.
Edmund is severely wounded.
The adder is no longer more vulnerable to fire.
Edmund closely misses you.
Casting: Scorch (safe; 2% risk of failure)
Confirm with . or Enter, or press ? or * to list all spells.
Flames lash Edmund but do no damage.
Edmund barely misses you.
Casting: Scorch (safe; 2% risk of failure)
Confirm with . or Enter, or press ? or * to list all spells.
Flames lash Edmund but do no damage.
Edmund barely misses you.
Casting: Scorch (safe; 2% risk of failure)
Confirm with . or Enter, or press ? or * to list all spells.
Flames lash Edmund but do no damage.
Edmund barely misses you.
You hit Edmund.
Your weapon exudes an aura of protection.
Edmund is severely wounded.
Edmund hits you with a +0 flail of protection!
* * * LOW HITPOINT WARNING * * *
You hit Edmund.
Edmund is almost dead.
Edmund hits you with a +0 flail of protection!
* * * LOW HITPOINT WARNING * * *
You barely miss Edmund.
Edmund is almost dead.
You hit Edmund but do no damage.
Edmund is almost dead.
Edmund hits you with a +0 flail of protection!
You die...

####### #.##.<#
#########..†..#
#.@........#..#
#@##########..#
#S #(.........#
#. #.###.....##
#.##.###.....#. ∆
#.....##.>......
#..#..##.....#.#
#..#..##.....#...
#.
#..###...##...#


You could see Edmund (strong, combustible) and an adder.

Vanquished Creatures
  A sky beast (D:5)
  5 wights
  An iguana (D:5)
  4 gnolls (D:2)
  A howler monkey skeleton (D:5)
  6 adders
  A worm (D:2)
  5 dart slugs
  2 orcs
  8 ball pythons
  3 endoplasms
  3 giant cockroaches
  8 goblins
  9 hobgoblins
  3 quokkas
  6 bats
  6 frilled lizards
  6 kobolds
  3 rats
81 creatures vanquished.

Vanquished Creatures (others)
  2 plants (D:3)
2 creatures vanquished.

Grand Total: 83 creatures vanquished

Notes
Turn   | Place    | Note
-------+----------+-------------------------------------------
     0 | D:1      | MisterFreud the Gnoll Cinder Acolyte began the quest for
                  | the Orb.
     0 | D:1      | Reached XP level 1. HP: 23/23 MP: 4/4
   227 | D:1      | Reached XP level 2. HP: 16/29 MP: 5/5
   383 | D:1      | Learned a level 2 spell: Scorch
  1107 | D:1      | Reached XP level 3. HP: 35/35 MP: 7/7
  1348 | D:1      | Found a faded altar of an unknown god.
  1503 | D:2      | Reached skill level 1 in Invocations
  1859 | D:2      | Reached skill level 1 in Long Blades
  1859 | D:2      | Reached skill level 1 in Axes
  1859 | D:2      | Reached skill level 1 in Maces & Flails
  1859 | D:2      | Reached skill level 1 in Polearms
  1859 | D:2      | Reached skill level 1 in Staves
  1859 | D:2      | Reached skill level 1 in Slings
  1859 | D:2      | Reached skill level 1 in Bows
  1859 | D:2      | Reached skill level 1 in Crossbows
  1859 | D:2      | Reached skill level 1 in Throwing
  1859 | D:2      | Reached skill level 1 in Armour
  1859 | D:2      | Reached skill level 1 in Dodging
  1859 | D:2      | Reached skill level 1 in Stealth
  1859 | D:2      | Reached skill level 1 in Shields
  1859 | D:2      | Reached skill level 1 in Unarmed Combat
  1859 | D:2      | Reached skill level 1 in Evocations
  1946 | D:2      | Reached XP level 4. HP: 41/41 MP: 5/8
  2236 | D:2      | Reached skill level 1 in Conjurations
  2236 | D:2      | Reached skill level 1 in Hexes
  2236 | D:2      | Reached skill level 1 in Summonings
  2236 | D:2      | Reached skill level 1 in Necromancy
  2236 | D:2      | Reached skill level 1 in Translocations
  2236 | D:2      | Reached skill level 1 in Transmutations
  2236 | D:2      | Reached skill level 1 in Ice Magic
  2236 | D:2      | Reached skill level 1 in Air Magic
  2236 | D:2      | Reached skill level 1 in Earth Magic
  2236 | D:2      | Reached skill level 1 in Poison Magic
  2877 | D:3      | Found an iron altar of Okawaru.
  2985 | D:3      | Reached XP level 5. HP: 47/47 MP: 6/9
  3128 | D:2      | HP: 2/44 [wight/+0 scimitar (12)]
  3735 | D:3      | Reached XP level 6. HP: 47/53 MP: 10/11
  4139 | D:3      | Found a glowing golden altar of the Shining One.
  4738 | D:4      | Found Xeg Ciepp's Distillery.
  4742 | D:4      | Bought a potion of haste for 100 gold pieces
  4742 | D:4      | Bought a potion of curing for 30 gold pieces
  4865 | D:4      | Found a large runed translucent door.
  4869 | D:4      | Found a large runed translucent door.
  5139 | D:4      | Found a shadowy altar of Dithmenos.
  5497 | D:4      | Found a white marble altar of Elyvilon.
  5504 | D:4      | Found a blossoming altar of Fedhas.
  5573 | D:5      | Entered Level 5 of the Dungeon
  5709 | D:5      | Noticed a sky beast
  5713 | D:5      | Killed a sky beast
  5714 | D:5      | Reached XP level 7. HP: 60/60 MP: 12/12
  5773 | D:5      | Noticed Edmund
  5789 | D:5      | Mangled by Edmund

Illustrated notes

Levels and vault maps discovered:
D:1:      lemuel_arrival_river_ford, layout_basic,
          shapermc_ecumenical_altar_pompeii
D:2:      layout_loops_corners, kennysheep_nondescript
D:3:      layout_basic, tso_altar, mainiacjoe_overflow_boulevard,
          kennysheep_another_room
D:4:      layout_basic, jmf_multi_god_temple2, mainiacjoe_overflow_alcove_1,
          serial_shops, shop_statue
D:5:      layout_basic, uniq_blork_the_orc, uniq_edmund

Skill      XL: |  1  2  3  4  5  6 |
---------------+-------------------+-----
Invocations    | 1 2 |  2.5
Long Blades    | 1 2 |  2.3
Axes           | 1 2 |  2.3
Maces & Flails | 1 2 |  2.3
Polearms       | 1 2 |  2.3
Staves         | 1 2 |  2.3
Slings         | 1 2 |  2.3
Bows           | 1 2 |  2.3
Crossbows      | 1 2 |  2.3
Throwing       | 1 2 |  2.3
Armour         | 1 2 |  2.3
Dodging        | 1 2 |  2.3
Stealth        | 1 2 |  2.3
Shields        | 1 2 |  2.3
Unarmed Combat | 1 2 |  2.3
Evocations     | 1 2 |  2.3
Spellcasting   | 3 |  3.7
Conjurations   | 1 |  1.9
Hexes          | 1 |  1.9
Summonings     | 1 |  1.9
Necromancy     | 1 |  1.9
Translocations | 1 |  1.9
Transmutations | 1 |  1.9
Ice Magic      | 1 |  1.9
Air Magic      | 1 |  1.9
Earth Magic    | 1 |  1.9
Poison Magic   | 1 |  1.9
Fighting       | 7 |  7.0
Short Blades   | 7 |  7.0
Fire Magic     | |  5.8

Action                   |  1- 3 |  4- 6 |  7- 9 || total
-------------------------+-------+-------+-------++-------
Melee: Short sword       |    63 |    70 |     5 ||   138
       Bite              |     8 |     4 |       ||    12
       Punch             |     1 |     2 |       ||     3
 Cast: Scorch            |    21 |    61 |    11 ||    93
  Use: Potion            |       |     1 |       ||     1
Armor: Robe              |     9 |     8 |       ||    17
Dodge: Dodged            |    26 |    49 |     5 ||    80
